 Dungeon Crawl Stone Soup version 0.31.0-11-ge490571c62 (webtiles) character file.

Game seed: 9659860328644979543

127 qw the Shooter (level 4, -2/23 HPs)
             Began as a Spriggan Hunter on Feb 3, 2024.
             Succumbed to an adder's poison
             ... on level 3 of the Dungeon.
             The game lasted 00:00:07 (1627 turns).

qw the Shooter (Spriggan Hunter)                    Turns: 1627, Time: 00:00:07

Health: -2/23      AC:  2    Str:  7    XL:     4   Next: 85%
Magic:  5/5        EV: 20    Int: 10    God:
Gold:   102        SH:  0    Dex: 20    Spells: 3/3 levels left

rFire   . . .        f - +4 orcbow (flame)
rCold   . . .        (shield currently unavailable)
rNeg    . . .        c - +0 robe
rPois   .            (helmet restricted)
rElec   .            (no cloak)
rCorr   .            (gloves unavailable)
SInv    +            (boots unavailable)
Will    .....        (no amulet)
Stlth   ++           (no ring)
HPRegen 0.23/turn    (no ring)
MPRegen 0.09/turn

%: no passive effects
@: lethally poisoned (-2 -> -12), very quick
A: very small, no large weapons, unfitting armour, see invisible, speed 3
a: no special abilities


You were on level 3 of the Dungeon.
You visited 1 branch of the dungeon, and saw 3 of its levels.

You collected 102 gold pieces.


Innate Abilities, Weirdness & Mutations

You are very small and have problems with some larger weapons.
You are too small for most types of armour.
You have supernaturally acute eyesight. (SInv)
You cover ground extremely quickly. (Speed+++)


   Skills:
 - Level 2.0 Fighting
 + Level 5.1 Ranged Weapons
 - Level 5.0 Dodging
 - Level 1.5 Stealth


You had 3 spell levels left.
You didn't know any spells.
Your spell library was empty.

Inventory:

Hand Weapons
 f - a +4 orcbow of flaming (weapon)
Armour
 c - a +0 robe (worn)
Potions
 e - a potion of haste {unknown}

Dungeon Overview and Level Annotations

Branches:
Dungeon (3/15)

Altars:


Message History

The arrow hits the jackal!
The arrow burns the jackal.
You kill the jackal!
Your Fighting skill increases to level 2!
You shoot an arrow. The arrow barely misses the adder.
The arrow misses the jackal.
You shoot an arrow. The arrow hits the adder.
The arrow burns the adder.
The adder is heavily wounded.
A jackal comes into view.
The adder bites you.
You are poisoned.
The adder poisons you!
You shoot an arrow. The arrow closely misses the adder.
The jackal barks!
The arrow hits the jackal!
The arrow burns the jackal.
You kill the jackal!
You feel sick. The adder closely misses you.
You shoot an arrow. The arrow closely misses the adder.
The arrow closely misses the jackal.
You feel sick. The adder barely misses you. The adder bites you.
You are more poisoned.
The adder poisons you!
You shoot an arrow. The arrow misses the adder.
The arrow barely misses the jackal.
You feel very sick. The adder bites you.
You are more poisoned.
The adder poisons you! The adder misses you.
You shoot an arrow. The arrow closely misses the adder.
The arrow closely misses the jackal.
You feel very sick. The adder bites you.
You are more poisoned.
The adder poisons you!
You shoot an arrow. The arrow hits the adder!
The arrow burns the adder.
You kill the adder!
You feel very sick. The jackal closely misses you.
The jackal barely misses you.
You shoot an arrow.
The arrow hits the jackal but does no damage.
You die...

..$.. .....%
#....# ......
#....# ....#
....###....#
#.........#
#.........#
#...h%....#
#####..@..#
#.........#
#.....#####
##%....#
#......####
#...........
#.%.........
#%%..........
##...#.......


You could see a jackal.

Vanquished Creatures
  Robin (D:2)
  3 adders
  A gnoll (D:1)
  A ribbon worm (D:2)
  A dart slug (D:1)
  5 ball pythons
  7 endoplasms
  2 giant cockroaches
  16 goblins
  5 hobgoblins
  11 jackals
  A quokka (D:1)
  2 bats (D:1)
  3 frilled lizards
  6 kobolds
  4 rats
69 creatures vanquished.

Notes
Turn   | Place    | Note
-------+----------+-------------------------------------------
     0 | D:1      | qw the Spriggan Hunter began the quest for the Orb.
     0 | D:1      | Reached XP level 1. HP: 10/10 MP: 2/2
     0 | D:1      | 0 ||| qw: Version: 0.3-a-157-g843a77d
     0 | D:1      | 0 ||| qw: Game counter: 3680
     0 | D:1      | 0 ||| qw: Melee chars always use a shield: true
     0 | D:1      | 0 ||| qw: God list: Okawaru
     0 | D:1      | 0 ||| qw: Allow faded altars: false
     0 | D:1      | 0 ||| qw: Do Orc after clearing Dungeon:15 true
     0 | D:1      | 0 ||| qw: Do second Lair branch before Depths: true
     0 | D:1      | 0 ||| qw: Lair rune preference: random
     0 | D:1      | 0 ||| qw: Goals: Normal
     0 | D:1      | 0 ||| PLANNING D:1-11
    42 | D:1      | Reached skill level 3 in Dodging
   105 | D:1      | Reached XP level 2. HP: 14/14 MP: 3/3
   233 | D:1      | Reached XP level 3. HP: 16/18 MP: 4/4
   602 | D:1      | 602 ||| READING scroll labelled NACEJI BURUI.
   603 | D:1      | 603 ||| READING scroll labelled KEET WUZ KIMO.
   603 | D:1      | 603 ||| ENCHANTING +0 shortbow.
   604 | D:1      | 604 ||| READING scroll labelled XIUSEI WOEBIZO.
   605 | D:1      | 605 ||| DROPPING scroll of butterflies.
   814 | D:2      | 814 ||| FLEEEEING.
   816 | D:2      | 816 ||| FLEEEEING.
   819 | D:2      | Noticed Robin
   820 | D:2      | 820 ||| FLEEEEING.
   838 | D:2      | Killed Robin
   839 | D:2      | Reached XP level 4. HP: 18/22 MP: 5/5
   841 | D:2      | 841 ||| FLEEEEING.
   842 | D:2      | 842 ||| FLEEEEING.
   843 | D:2      | 843 ||| FLEEEEING.
   844 | D:2      | 844 ||| FLEEEEING.
   845 | D:2      | 845 ||| FLEEEEING.
   846 | D:2      | 846 ||| FLEEEEING.
   847 | D:2      | 847 ||| FLEEEEING.
   848 | D:2      | 848 ||| FLEEEEING.
   849 | D:2      | 849 ||| FLEEEEING.
   850 | D:2      | 850 ||| FLEEEEING.
  1411 | D:2      | 1411 ||| READING 2 scrolls labelled YGAKKU FUIC.
  1512 | D:2      | 1512 ||| READING scroll labelled HOTOWYEMEI.
  1512 | D:2      | Identified a scroll of acquirement
  1512 | D:2      | 1512 ||| ACQUIRING +4 orcbow of flaming
  1512 | D:2      | Acquired a +4 orcbow of flaming
  1514 | D:2      | 1514 ||| SWAPPING to +4 orcbow of flaming.
  1515 | D:2      | 1515 ||| DROPPING +0 shortbow.
  1516 | D:2      | 1516 ||| READING scroll labelled KUSAOS SUSHA.
  1519 | D:2      | 1519 ||| READING scroll labelled HAM ADIUDWEI.
  1519 | D:2      | 1519 ||| IDENTIFYING brown potion
  1520 | D:2      | 1520 ||| DROPPING scroll of vulnerability.
  1521 | D:2      | 1521 ||| DROPPING potion of berserk rage.
  1625 | D:3      | HP: 4/23 [adder (4)]
  1626 | D:3      | HP: 1/23 [poisoned by an adder]
  1627 | D:3      | Succumbed to an adder's poison

Levels and vault maps discovered:
D:1:      saegor_arrival_miasma, layout_loops_ring
D:2:      layout_basic, nicolae_underground_beach, uniq_robin
D:3:      layout_basic, lemuel_doored_altar

Skill      XL: |  1  2  3  4 |
---------------+-------------+-----
Dodging        | 3 4 5 |  5.0
Ranged Weapons | 5 |  5.1
Fighting       | 2 |  2.0
Stealth        | |  1.5

Action                     |  1- 3 |  4- 6 || total
---------------------------+-------+-------++-------
   Fire: Shortbow          |   117 |    37 ||   154
         Orcbow            |       |    20 ||    20
    Use: Scroll            |     3 |     4 ||     7
 Armour: Robe              |    14 |     7 ||    21
  Dodge: Dodged            |    32 |    12 ||    44

Table legend:
 A = Non-vault XP
 B = Vault XP
 C = Vault XP percentage of total XP
 D = Non-vault monster count
 E = Vault monster count
 F = Vault count percentage of total count
                 A         B        C        D         E       F
            +---------+---------+-------+---------+---------+-------
      Total |     147 |      35 |  19.2 |      56 |      13 |  18.8
            +---------+---------+-------+---------+---------+-------
        D:1 |      65 |       0 |   0.0 |      31 |       0 |   0.0
        D:2 |      55 |      35 |  38.9 |      17 |      13 |  43.3
        D:3 |      27 |       0 |   0.0 |       8 |       0 |   0.0
            +---------+---------+-------+---------+---------+-------
